 Dungeon Crawl Stone Soup version 0.27.1-1-g398f81649c (webtiles) character file.

Game seed: 4153843118342797785

1039 Descartes the Covert (level 8, -6/45 HPs)
             Began as a Deep Elf Delver on Sept 20, 2021.
             Mangled by a wyvern zombie (10 damage)
             ... on level 6 of the Dungeon.
             The game lasted 00:12:37 (8640 turns).

Descartes the Covert (Deep Elf Delver)              Turns: 8640, Time: 00:12:39

Health: -6/45      AC:  5    Str: 16    XL:     8   Next: 4%
Magic:  10/14      EV: 14    Int: 17    God:
Gold:   262        SH:  7    Dex: 16    Spells: 7/12 levels left

rFire    + + .     SeeInvis .   w - +4 hand axe
rCold    . . .     Faith    .   B - +2 buckler
rNeg     . . .     Spirit   .   C - +0 leather armour {rF+}
rPois    .         Reflect  .   (no helmet)
rElec    .         Harm     .   E - +0 cloak
rCorr    .         Rampage  .   F - +0 pair of gloves
Will     .....                  (no boots)
Stlth    ++++......             (no amulet)
HPRegen  0.15/turn              h - ring of protection from fire
MPRegen  0.14/turn              G - +6 ring of strength

@: no status effects
A: no striking features
a: no special abilities


You were on level 6 of the Dungeon.
You visited 1 branch of the dungeon, and saw 6 of its levels.

You collected 262 gold pieces.

Inventory:

Hand Weapons
 a - a +0 short sword
 r - a +0 hunting sling
 w - a +4 hand axe (weapon)
 K - a +1 quarterstaff of draining
Missiles
 i - 19 poisoned darts (quivered)
 j - 58 arrows
 k - 188 stones
 n - 29 bolts
Armour
 B - a +2 buckler (worn)
 C - a +0 leather armour of fire resistance (worn)
 E - a +0 cloak (worn)
 F - a +0 pair of gloves (worn)
Jewellery
 h - a ring of protection from fire (left hand)
 q - a +6 ring of intelligence
 G - a +6 ring of strength (right hand)
Wands
 g - a wand of digging (3)
 t - a wand of iceblast (9)
 D - a wand of paralysis (6)
Scrolls
 c - 2 scrolls of fog
 d - 2 scrolls of magic mapping
 e - 4 scrolls of fear
 l - 4 scrolls of identify {unknown}
 m - 2 scrolls of enchant armour {unknown}
 s - 2 scrolls of amnesia {unknown}
 x - a scroll of acquirement {unknown}
 y - 4 scrolls of teleportation {unknown}
 H - 2 scrolls of holy word {unknown}
Potions
 f - a potion of haste
 o - 2 potions of attraction
 p - a potion of mutation {unknown}
 v - a potion of invisibility {unknown}
 z - a potion of berserk rage {unknown}
 A - a potion of magic {unknown}
 I - a potion of lignification


   Skills:
 - Level 2.4 Fighting
 - Level 2.0 Short Blades
 + Level 6.2 Dodging
 + Level 9.4 Stealth
 * Level 3.0 Shields
 + Level 2.8 Spellcasting
 + Level 2.3 Conjurations
 + Level 2.0 Air Magic


You had 7 spell levels left.
You knew the following spells:

 Your Spells              Type           Power      Damage    Failure   Level
a - Shock                 Conj/Air       36%        1d5       10%         1
b - Airstrike             Air            4%         N/A       71%         4

Your spell library contained the following spells:

 Spells                   Type           Power      Damage    Failure   Level
 Swiftness                Air            9%         N/A       30%         3


Dungeon Overview and Level Annotations

Branches:
Dungeon (6/15)
 Temple: D:4-7

Altars:


Message History

The wyvern zombie bites you but does no damage. x2
The helpless sky beast fails to defend itself.
You hit the sky beast.
The sky beast is almost dead.
You hit the wyvern zombie but do no damage.
You block the wyvern zombie's attack.
The wyvern zombie bites you but does no damage.
The helpless sky beast fails to defend itself.
You hit the sky beast.
The sky beast is almost dead.
You completely miss the wyvern zombie.
The wyvern zombie bites you but does no damage. x2
The helpless sky beast fails to defend itself.
You hit the sky beast.
You kill the sky beast!
You hit the wyvern zombie but do no damage.
The wyvern zombie bites you but does no damage.
Your Shields skill increases to level 3!
Your Air Magic skill increases to level 2!
You have reached level 8!
You feel clever.
You hit the wyvern zombie.
The wyvern zombie is heavily damaged.
You feel less wooden.
Your +0 cloak unmelds from your body.
Your +0 pair of gloves unmelds from your body.
Your +0 leather armour of fire resistance unmelds from your body.
You feel resistant to fire. The wyvern zombie bites you!
* * * LOW HITPOINT WARNING * * *
The wyvern zombie barely misses you.
Okay, then.
Casting: Shock (safe; 10% risk of failure)
Confirm with . or Enter, or press ? or * to list all spells.
Aiming: Shock (safe; 10% risk of failure)
Press: ? - help, Shift-Dir - straight line, f - wyvern zombie
Aim: a wyvern zombie (heavily damaged, 89% to hit)
The zap hits the wyvern zombie.
The wyvern zombie is severely damaged.
The wyvern zombie bites you!
You die...

....# #.#........# #.#
....# #.#........# #.#
.####
######################
.#..# #.................#
.#..####...............##
.##.#.#.................#
...#.#....)....⌠.≈.......
###.#.#.......!...≈.≈...#
#..####........@Z)....#
#..# #.................#
#### ###################
##### ....# ....# ....#
#####


You could see a wyvern zombie.

Vanquished Creatures
  A sky beast (D:6)
  A necrophage (D:6)
  An ogre (D:4)
  A phantom (D:5)
  A kobold brigand (D:6)
  A scorpion (D:6)
  2 water moccasin zombies (D:6)
  2 bullfrog zombies (D:6)
  A centaur zombie (D:5)
  An orc priest (D:3)
  A centaur skeleton (D:6)
  An iguana (D:5)
  Jessica (D:2)
  2 bullfrog skeletons
  An orc wizard (D:6)
  A hound skeleton (D:2)
  3 gnolls (D:4)
  3 adders
  4 worms
  2 dart slugs (D:2)
  8 orcs
  6 ball pythons
  10 endoplasms
  A giant cockroach (D:1)
  4 goblins
  5 hobgoblins
  4 jackals
  14 kobolds
  2 quokkas
  5 bats
  A frilled lizard (D:1)
  5 rats
  A bush (D:1)
97 creatures vanquished.

Vanquished Creatures (others)
  9 plants
9 creatures vanquished.

Grand Total: 106 creatures vanquished

Notes
Turn   | Place    | Note
-------+----------+-------------------------------------------
     0 | D:5      | Descartes the Deep Elf Delver began the quest for the Orb.
     0 | D:5      | Reached XP level 1. HP: 13/13 MP: 3/3
   154 | D:5      | Reached skill level 7 in Stealth
   154 | D:5      | Reached XP level 2. HP: 8/18 MP: 4/4
   607 | D:5      | Reached XP level 3. HP: 22/22 MP: 5/5
   702 | D:5      | Noticed a phantom
   815 | D:4      | Noticed an ogre
  1435 | D:1      | Found a faded altar of an unknown god.
  2535 | D:2      | Noticed Jessica
  2828 | D:2      | Reached skill level 8 in Stealth
  2828 | D:2      | Reached XP level 4. HP: 27/27 MP: 6/6
  2921 | D:2      | Killed Jessica
  3520 | D:3      | Reached XP level 5. HP: 19/31 MP: 7/7
  3713 | D:3      | You fall into a shaft and drop 1 floor!
  4641 | D:4      | Killed an ogre
  4642 | D:4      | Reached skill level 5 in Dodging
  4642 | D:4      | Reached XP level 6. HP: 26/36 MP: 8/8
  6212 | D:5      | Reached skill level 1 in Shields
  6503 | D:5      | Learned a level 1 spell: Shock
  6508 | D:5      | Learned a level 4 spell: Airstrike
  6586 | D:5      | Reached skill level 9 in Stealth
  7109 | D:6      | Reached skill level 1 in Spellcasting
  7109 | D:6      | Reached XP level 7. HP: 29/40 MP: 10/10
  7376 | D:6      | Reached skill level 1 in Conjurations
  7376 | D:6      | Reached skill level 1 in Air Magic
  7652 | D:6      | HP: 2/40 [poisoned by a scorpion]
  8618 | D:6      | HP: 3/60 [bullfrog zombie (5)]
  8638 | D:6      | Reached XP level 8. HP: 23/45 MP: 11/14
  8640 | D:6      | Mangled by a wyvern zombie

Illustrated notes

Levels and vault maps discovered:
D:1:      sevenhm_arrival_forest_fort_small_3, layout_loops_corners,
          hellmonk_ecumenical_altar_heavens_door, chequers_serial_rivers_small_a
D:2:      layout_rooms, serial_bayou_pond_c, uniq_jessica
D:3:      layout_basic
D:4:      layout_loops_ring
D:5:      layout_loops_corners
D:6:      layout_basic, minmay_temple_entry_nine_rooms, wad_rectangle_vault

Skill      XL: |  1  2  3  4  5  6  7 |
---------------+----------------------+-----
Stealth        | 7 8 9 |  9.4
Dodging        | 3 5 6 |  6.2
Shields        | 1 3 |  3.0
Spellcasting   | 1 2 |  2.8
Conjurations   | 2 |  2.3
Air Magic      | 2 |  2.0
Fighting       | |  2.4
Short Blades   | |  2.0

Action                   |  1- 3 |  4- 6 |  7- 9 || total
-------------------------+-------+-------+-------++-------
Melee: Short sword       |   312 |    62 |       ||   374
       Hand axe          |       |   104 |    93 ||   197
 Cast: Shock             |       |       |     4 ||     4
Evoke: Wand              |       |       |     4 ||     4
  Use: Potion            |       |       |     8 ||     8
 Stab: Sleeping          |     9 |    10 |     2 ||    21
       Distracted        |       |     1 |       ||     1
       Paralysed         |       |       |     4 ||     4
Armor: Leather armour    |    30 |    32 |    22 ||    84
       Skin              |       |       |    36 ||    36
Dodge: Dodged            |   100 |   116 |    80 ||   296
Block: Buckler           |       |    15 |    44 ||    59
